 Dungeon Crawl Stone Soup version 0.28.0-53-g5a82cb258f (webtiles) character file.

Game seed: 11494929547358683365

264 SanguineChosen the Shield-Bearer (level 6, -1/38 HPs)
             Began as a Gargoyle Fighter on July 15, 2022.
             Slain by Pikel
             ... wielding a +2 whip of freezing
              (2 damage)
             ... on level 4 of the Dungeon.
             The game lasted 00:17:26 (4392 turns).

SanguineChosen the Shield-Bearer (Gargoyle Fighter) Turns: 4392, Time: 00:17:27

Health: -1/38      AC: 11    Str: 27    XL:     6   Next: 19%
Magic:  6/6        EV: 10    Int:  9    God:
Gold:   85         SH:  4    Dex:  9    Spells: 5/5 levels left

rFire   . . .      SeeInvis .   a - +0 flail
rCold   . . .      Faith    .   c - +0 buckler
rNeg    + . .      Spirit   .   b - +0 scale mail
rPois   ∞          Reflect  .   (no helmet)
rElec   +          Harm     .   (no cloak)
rCorr   .          Rampage  .   (no gloves)
Will    .....                   (no boots)
Stlth   ..........              (no amulet)
HPRegen 0.12/turn               h - +6 ring of strength
MPRegen 0.10/turn               (no ring)

@: mighty, attractive
A: sickness immunity, AC +4, negative energy resistance 1, electricity
resistance, torment resistance 1, petrification resistance
a: no special abilities


You were on level 4 of the Dungeon.
You visited 1 branch of the dungeon, and saw 4 of its levels.

You collected 141 gold pieces.
You spent 56 gold pieces at shops.

Inventory:

Hand Weapons
 a - a +0 flail (weapon)
 i - a +2 short sword of holy wrath
Armour
 b - a +0 scale mail (worn)
 c - a +0 buckler (worn)
Jewellery
 h - a +6 ring of strength (left hand)
Scrolls
 g - 3 scrolls of identify
 j - a scroll of enchant armour {unknown}
 l - a scroll of fog {unknown}
 m - a scroll of torment {unknown}
 o - a scroll of acquirement {unknown}
 p - a scroll of immolation {unknown}
Potions
 d - a potion of might
 e - a potion of attraction
 f - a potion of resistance {unknown}
 k - a potion of flight {unknown}
 n - a potion of haste {unknown}


   Skills:
 + Level 3.8 Fighting
 * Level 0.6 Short Blades
 + Level 4.2 Maces & Flails
 + Level 4.0 Armour
 + Level 1.0 Dodging
 + Level 0.7 Stealth
 + Level 4.5 Shields


You had 5 spell levels left.
You didn't know any spells.
Your spell library contained the following spells:

 Spells                   Type           Power      Damage    Failure   Level
 Frozen Ramparts          Ice            0%         1d2       98%         3
 Ice Form                 Ice/Tmut       0%         N/A       100%        4
 Summon Ice Beast         Ice/Summ       0%         N/A       100%        4


Dungeon Overview and Level Annotations

Branches:
Dungeon (4/15)
 Temple: D:4-7

Altars:
Kikubaaqudgha

Shops:
D:3 (   D:4 ?

Annotations:
D:4 Pikel


Innate Abilities, Weirdness & Mutations

You are immune to sickness and miasma.
Your stone body is resilient. (AC +4)
You are immune to poison.
You resist negative energy. (rN+)
You are resistant to electric shocks. (rElec)
You are resistant to unholy torment.
You are immune to petrification.


Message History

The hound bites you but does no damage. Pikel hits you but does no damage.
You feel very mighty all of a sudden.
The hound bites you but does no damage. x2
Pikel hits you with a +2 whip of freezing!
Pikel freezes you.
You closely miss Pikel. You block the hound's attack.
The hound bites you but does no damage.
Pikel hits you with a +2 whip of freezing.
Pikel freezes you.
You closely miss Pikel. The hound barely misses you.
Pikel hits you but does no damage. The hound bites you but does no damage.
You barely miss Pikel. The hound barely misses you.
Pikel hits you with a +2 whip of freezing.
Pikel freezes you. The hound bites you but does no damage.
You sock Pikel!
Pikel is heavily wounded.
The hound bites you but does no damage.
Pikel hits you with a +2 whip of freezing.
Pikel freezes you. Pikel hits you but does no damage.
The hound barely misses you.
You closely miss Pikel.
Pikel is heavily wounded.
The hound completely misses you. Pikel closely misses you.
The hound barely misses you.
You sock Pikel!
Pikel is severely wounded.
The hound bites you but does no damage. Pikel hits you but does no damage.
You closely miss Pikel.
Pikel is severely wounded.
The hound barely misses you. The hound bites you but does no damage.
Pikel hits you with a +2 whip of freezing.
* * * LOW HITPOINT WARNING * * *
Pikel freezes you.
* * * LOW HITPOINT WARNING * * *
It was a potion of attraction.
You feel attractive to monsters. The hound bites you.
* * * LOW HITPOINT WARNING * * *
Pikel hits you with a +2 whip of freezing.
You die...

#.....# ##.# #.#.#.# ..#
#.#.#.# #.# #.#.#.# ### ..
#.#.#.### ..# #.## #.#..5..#
#+#.# ..# #.#.#.....# #.#.#
#.##
#.#.#.....######.#(######..####
#.#.#.#+#..55K@#∩#.............
#.#.#.#.#.###h.#.'..######..###
#.#.#.#.#.# #..#.'..# #....#
#.#...#.#.# #..#<#..# #.†..#
#.#.......# ####.#..# #.#..#
#.........# #.#..# #.#..#
###.......# #+#.## #.##.#
#.......# ..# #.##.. #.......#
## #.##..


You could see Pikel, 2 lemures and a hound.

Vanquished Creatures
  A vampire bat (D:3)
  2 jellies (D:2)
  Robin (D:4)
  3 adders
  3 worms
  2 dart slugs (D:1)
  An orc (D:3)
  5 ball pythons
  16 bats
  18 endoplasms
  3 giant cockroaches
  8 hobgoblins
  12 kobolds
  3 quokkas
  6 frilled lizards
  18 goblins
  10 rats
112 creatures vanquished.

Vanquished Creatures (others)
  7 fungi (D:2)
  4 plants (D:1)
  7 toadstools (D:2)
18 creatures vanquished.

Grand Total: 130 creatures vanquished

Notes
Turn   | Place    | Note
-------+----------+-------------------------------------------
     0 | D:1      | SanguineChosen the Gargoyle Fighter began the quest for the
                  | Orb.
     0 | D:1      | Reached XP level 1. HP: 14/14 MP: 1/1
   320 | D:1      | Reached XP level 2. HP: 4/19 MP: 2/2
   817 | D:1      | Found a faded altar of an unknown god.
  1107 | D:1      | Reached XP level 3. HP: 23/23 MP: 3/3
  1562 | D:2      | Found an ancient bone altar of Kikubaaqudgha.
  1683 | D:2      | Reached XP level 4. HP: 7/28 MP: 4/4
  2537 | D:2      | Reached XP level 5. HP: 30/33 MP: 5/5
  3234 | D:3      | Found Gefij Imme's Weapon Emporium.
  3419 | D:3      | Reached XP level 6. HP: 38/38 MP: 6/6
  3864 | D:4      | Found Uxkuhew's Magic Scroll Shoppe.
  3869 | D:4      | Bought a scroll of identify for 28 gold pieces
  3869 | D:4      | Bought a scroll of identify for 28 gold pieces
  4018 | D:4      | Noticed Robin
  4047 | D:4      | Killed Robin
  4048 | D:4      | Reached skill level 1 in Dodging
  4340 | D:4      | Noticed Pikel
  4392 | D:4      | HP: 1/38 [hound (4)]
  4392 | D:4      | Slain by Pikel

Illustrated notes

Levels and vault maps discovered:
D:1:      elethiomel_arrival_diamonds, layout_basic,
          ebering_ecumenical_altar_sacrificial, serial_bayou_lagoon_a,
          supply_closet_lemuel, kennysheep_another_room, chequers_jeans
D:2:      cheibrodos_fertilizer, layout_basic, basic_altar, minmay_pentomino_v4
D:3:      layout_rooms, serial_shops, nicolae_shop_bloodbath_and_beyond,
          grunt_ministairs_8, amethyst_killhole, chequers_arboretum,
          minmay_misc_feat_tiny, roderic_batcave
D:4:      layout_basic, minmay_temple_entry_offerings, serial_shops,
          nicolae_shop_hallway_stairs, uniq_robin, uniq_pikel

Skill      XL: |  1  2  3  4  5  6 |
---------------+-------------------+-----
Maces & Flails | 3 4 |  4.2
Shields        | 4 |  4.5
Armour         | 4 |  4.0
Dodging        | 1 |  1.0
Fighting       | |  3.8
Short Blades   | |  0.6
Stealth        | |  0.7

Action                   |  1- 3 |  4- 6 || total
-------------------------+-------+-------++-------
Melee: Flail             |   158 |   229 ||   387
  Use: Potion            |       |     3 ||     3
Armor: Scale mail        |    98 |   169 ||   267
Dodge: Dodged            |    99 |   135 ||   234
Block: Buckler           |    43 |    67 ||   110
